 Dungeon Crawl Stone Soup version 0.29.1-2-gbd0b4ee654 (webtiles) character file.

Game seed: 5416608861358031002

55 Omegus91 the Trooper (level 3, -1/33 HPs)
             Began as a Hill Orc Fighter on Nov 11, 2022.
             Killed from afar by Sigmund (7 damage)
             ... with a magic dart
             ... on level 2 of the Dungeon.
             The game lasted 00:02:05 (497 turns).

Omegus91 the Trooper (Hill Orc Fighter)              Turns: 497, Time: 00:02:05

Health: -1/33      AC:  7    Str: 20    XL:     3   Next: 93%
Magic:  3/3        EV:  9    Int:  8    God:
Gold:   31         SH:  4    Dex: 10    Spells: 2/2 levels left

rFire   . . .      SeeInvis .   a - +0 war axe
rCold   . . .      Faith    .   c - +0 buckler
rNeg    . . .      Spirit   .   b - +0 scale mail
rPois   .          Reflect  .   (no helmet)
rElec   .          Harm     .   (no cloak)
rCorr   .          Rampage  .   (no gloves)
Will    .....                   (no boots)
Stlth   ..........              (no amulet)
HPRegen 0.11/turn               (no ring)
MPRegen 0.08/turn               (no ring)

@: no status effects
A: no striking features
a: no special abilities


You were on level 2 of the Dungeon.
You visited 1 branch of the dungeon, and saw 2 of its levels.

You collected 31 gold pieces.

Inventory:

Hand Weapons
 a - a +0 war axe (weapon)
Armour
 b - a +0 scale mail (worn)
 c - a +0 buckler (worn)
Scrolls
 i - a scroll of identify {unknown}
Potions
 d - a potion of might
 e - 4 potions of curing {unknown}
 f - 2 potions of invisibility {unknown}
 g - 3 potions of brilliance {unknown}
 h - a potion of lignification {unknown}


   Skills:
 + Level 4.1 Fighting
 * Level 4.0 Axes
 + Level 3.7 Armour
 + Level 3.7 Shields


You had 2 spell levels left.
You didn't know any spells.
Your spell library was empty.

Dungeon Overview and Level Annotations

Branches:
Dungeon (2/15)

Altars:

Annotations:
D:2 Sigmund


Message History

The goblin shouts!
An endoplasm comes into view.
The endoplasm quivers.
Sigmund the Dreaded comes into view.
He is wielding a +0 scythe.
You see here 7 gold pieces.
The rat bites you but does no damage.
You slash the rat!
You kill the rat!
You block the goblin's attack.
Your Axes skill increases to level 4!
You miss the goblin. You slash the endoplasm!
You kill the endoplasm!
The goblin hits you but does no damage.
You closely miss the goblin. The goblin barely misses you.
Sigmund gestures wildly while chanting.
Sigmund flickers and vanishes!
Deactivating autopickup; reactivate with Ctrl-A.
You barely miss the goblin. Something hits you.
The goblin hits you but does no damage. You block the goblin's attack.
You completely miss the goblin. Something hits you.
The goblin hits you but does no damage.
You slash the goblin!
You kill the goblin!
Something hits you. Something hits you!
Things that are here:
a +0 club; a rat corpse You barely miss something.
Something hits you but does no damage.
You miss something. Something hits you.
You miss something. You miss something. You block something's attack.
You hit something. Something hits you but does no damage.
You miss something. You block something's attack.
You miss something. Something hits you.
* * * LOW HITPOINT WARNING * * *
You slash something!
You hear some strange, mumbled words.
A magic dart appears from out of thin air!
The magic dart hits you!
You die...

#.#.......###
#.#.#####.#
#.#.#####[#
######.........##
#...........)...##
#.######..####....
##$## #..........
####...#####..#####...
#....@........# ####
#....{...####.#
#........# .#
#.........#
##........# #.........
#........## #.########


There were no monsters in sight!

Vanquished Creatures
  Jessica (D:2)
  A dart slug (D:1)
  2 ball pythons (D:1)
  2 endoplasms
  3 giant cockroaches (D:1)
  4 goblins
  3 hobgoblins (D:1)
  2 quokkas (D:1)
  A frilled lizard (D:1)
  3 kobolds (D:1)
  3 rats
25 creatures vanquished.

Notes
Turn   | Place    | Note
-------+----------+-------------------------------------------
     0 | D:1      | Omegus91 the Hill Orc Fighter began the quest for the Orb.
     0 | D:1      | Reached XP level 1. HP: 19/19 MP: 1/1
    35 | D:1      | Reached XP level 2. HP: 27/27 MP: 2/2
   339 | D:1      | Reached XP level 3. HP: 33/33 MP: 3/3
   450 | D:2      | Noticed Jessica
   453 | D:2      | Killed Jessica
   481 | D:2      | Noticed Sigmund
   497 | D:2      | Killed from afar by Sigmund

Illustrated notes

Levels and vault maps discovered:
D:1:      scummos_arrival_simple_fountains, layout_rooms, st_stairs_13
D:2:      layout_loops_ring, uniq_jessica, uniq_sigmund, uniq_natasha

Skill      XL: |  1  2  3 |
---------------+----------+-----
Axes           | 3 4 |  4.0
Fighting       | 4 |  4.1
Armour         | |  3.7
Shields        | |  3.7

Action                   || total
-------------------------++-------
Melee: War axe           ||    58
Armor: Scale mail        ||    23
Dodge: Dodged            ||    19
Block: Buckler           ||    18
